 Dungeon Crawl Stone Soup version 0.32-a0-675-gdc239d62e1 (webtiles) character file.

Game seed: 18367578272867277772

1121 ytrimaz the Covert (level 8, -2/46 HPs)
             Began as an Octopode Alchemist on Mar 12, 2024.
             Slain by an ogre
             ... wielding a +0 giant club
              (22 damage)
             ... on level 5 of the Dungeon.
             The game lasted 00:05:12 (4883 turns).

ytrimaz the Covert (Octopode Alchemist)             Turns: 4883, Time: 00:05:12

Health: -2/46      AC:  5    Str:  7    XL:     8   Next: 34%
Magic:  6/11       EV: 13    Int: 19    God:
Gold:   225        SH:  0    Dex: 13    Spells: 4/11 levels left

rFire   . . .        (no weapon)
rCold   . . .        (no shield)
rNeg    . . .        (helmet restricted)
rPois   +            (no amulet)
rElec   .            c - +4 ring of protection
rCorr   +            i - ring of resist corrosion
SInv    .            k - ring of poison resistance
Will    .....        (no ring)
Stlth   +++++        (no ring)
HPRegen 0.27/turn    (no ring)
MPRegen 0.12/turn    (no ring)
                     (no ring)

%: no passive effects
@: no status effects
A: almost no armour, amphibious, 8 rings, camouflage 1, gelatinous body 1,
(nimble swimmer 1), tentacles
a: no special abilities


You were on level 5 of the Dungeon.
You visited 1 branch of the dungeon, and saw 5 of its levels.

You collected 225 gold pieces.


Innate Abilities, Weirdness & Mutations

You cannot wear most types of armour.
You are amphibious.
You can wear up to eight rings at the same time.
Your skin changes colour to match your surroundings (Stealth+).
Your rubbery body absorbs attacks. (AC +1, EV +1)
((You are camouflaged when in or above water. (Stealth+)))
You have tentacles for arms and can constrict up to eight enemies at once.


   Skills:
 - Level 2.0 Dodging
 - Level 8.0 Stealth
 - Level 2.2 Spellcasting
 - Level 3.0 Conjurations
 + Level 4.5 Air Magic
 + Level 6.9 Alchemy


You had 4 spell levels left.
You knew the following spells:

 Your Spells              Type           Power      Damage    Failure   Level
a - Sting                 Conj/Alch      84%        1d8       2%          1
b - Mercury Vapours       Alch/Air       46%        N/A       2%          2
c - Olgreb's Toxic Radia  Alch           28%        N/A       10%         4

Your spell library contained the following spells:

 Spells                   Type           Power      Damage    Failure   Level
 Cigotuvi's Dreadful Rot  Necr/Alch/Air  32%        N/A       5%          2
 Mephitic Cloud           Conj/Alch/Air  20%        N/A       7%          3
 Lesser Beckoning         Tloc           4%         N/A       26%         2
 Sticky Flame             Fire/Alch      15%        2d5       36%         4
 Call Canine Familiar     Summ           2%         N/A       45%         3
 Gell's Gravitas          Tloc           2%         N/A       45%         3
 Sigil of Binding         Hex            2%         N/A       45%         3
 Teleport Other           Tloc           2%         N/A       45%         3
 Dimensional Bullseye     Hex/Tloc       1%         N/A       86%         4
 Dispel Undead            Necr           2%         3d7       86%         4
 Manifold Assault         Tloc           2%         N/A       86%         4
 Martyr's Knell           Necr/Summ      2%         N/A       86%         4
 Death Channel            Necr           1%         N/A       100%        6
 Dispersal                Tloc           1%         N/A       100%        6
 Disjunction              Tloc           1%         N/A       100%        8

Inventory:

Jewellery
 c - a +4 ring of protection (left tentacle)
   (You found it on level 1 of the Dungeon)
 i - a ring of resist corrosion (right tentacle)
   (You found it on level 2 of the Dungeon)
 k - a ring of poison resistance (on tentacle)
   (You found it on level 5 of the Dungeon)
 v - a ring of wizardry
   (You found it on level 5 of the Dungeon)
Talismans
 o - a maw talisman
   (You found it on level 4 of the Dungeon)
Scrolls
 d - 3 scrolls of teleportation
 e - a scroll of silence
 f - a scroll of enchant armour
 l - 3 scrolls of blinking
 n - 2 scrolls of revelation
 p - 2 scrolls of torment
 q - a scroll of immolation
 t - a scroll of brand weapon
 u - 3 scrolls of amnesia {unknown}
Potions
 a - a potion of magic
 b - 4 potions of curing
 g - 2 potions of attraction
 h - a potion of enlightenment
 j - a potion of lignification
 m - a potion of berserk rage {unknown}
 r - a potion of mutation {unknown}
 s - a potion of cancellation {unknown}

Dungeon Overview and Level Annotations

Branches:
Dungeon (5/15) Zot: 25118
 Temple: D:4-7

Altars:
Nemelex Xobeh
Qazlal
Sif Muna
Wu Jian

#..............## ####
................#
................##
..............#..#
..............##.####
.............###....#...
............##..........
..#..##..........#######
.....##..##.####@#
..##.....##.#..O.#
..##...#....#.####
#....#††..###
###########


You could see an ogre (very poisoned).


Message History

Your hp is fully restored (46).
Your mp is fully restored (11).
An iguana is nearby!
An iguana is nearby!
Casting: Sting (safe; 2% risk of failure)
Confirm with . or Enter, or press ? or * to list all spells.
You begin to radiate toxic energy.
The iguana hisses angrily.
The iguana is poisoned.
The iguana looks even sicker.
Unknown command. 😎 MP[-4]
You lost 4 mp, and now have 7/11 mp.
Unknown command.
Your toxic aura wanes.
Unknown command.
You tentacle-slap the iguana but do no damage.
You grab the iguana. You squeeze the iguana.
You kill the iguana!
No target in view!
You see here an iguana corpse.
Unknown command.
An adder comes into view. 😎 MP[+4]
Your mp is fully restored (11).
An adder is nearby!
An adder is nearby!
An adder is nearby!
You see here a +0 leather armour.
Casting: Olgreb's Toxic Radiance (quite dangerous; 10% risk of failure)
Confirm with . or Enter, or press ? or * to list all spells.
You don't know that spell.
The sting hits the adder.
The adder is poisoned.
The adder hisses angrily. 😎 MP[-1]
You lost 1 mp, and now have 10/11 mp.
Unknown command.
The sting hits the adder.
The adder looks even sicker.
You kill the adder! 😎 MP[-1]
You lost 1 mp, and now have 9/11 mp.
Unknown command.
Key pressed, stopping explore.
No target in view! 😎 MP[+2]
Your mp is fully restored (11).
Found a stone staircase leading down.
u - 3 scrolls labelled BUROISSE OSEP Key pressed, stopping explore.
Key pressed, stopping explore.
v - a ring of wizardry Key pressed, stopping explore.
You see here a +0 club.
Found a stone staircase leading up.
Found a stone staircase leading down.
You pick up a book of Decay and begin reading...
You add the spells Cigotuvi's Dreadful Rot, Dispel Undead, Martyr's Knell and Death Channel to your library.
Key pressed, stopping explore.
An ogre comes into view. It is wielding a +0 giant club.
An ogre is nearby!
An ogre is nearby!
Okay, then.
Unknown command.
Casting: Sting (safe; 2% risk of failure)
Confirm with . or Enter, or press ? or * to list all spells.
You begin to radiate toxic energy.
The ogre shouts!
The ogre is poisoned.
The ogre looks even sicker.
Unknown command. 😎 MP[-4]
You lost 4 mp, and now have 7/11 mp.
Unknown command.
Casting: Olgreb's Toxic Radiance (quite dangerous; 10% risk of failure)
Confirm with . or Enter, or press ? or * to list all spells.
Aiming: Sting (safe; 2% risk of failure)
Press: ? - help, Shift-Dir - straight line, f - ogre
Aim: an ogre, wielding a +0 giant club (lightly wounded, very poisoned, 89% to hit)
The sting hits the ogre.
The ogre looks even sicker.
Your toxic aura wanes.
Unknown command. 😎 MP[-1]
You lost 1 mp, and now have 6/11 mp.
Unknown command.
You tentacle-slap the ogre but do no damage.
The ogre hits you with a +0 giant club! 😮 HP[-17]
You take 17 damage, and now have 29/46 hp.
MASSIVE DAMAGE!! (PAUSE)
You tentacle-slap the ogre but do no damage.
The ogre closely misses you. 😮 HP[+1]
You tentacle-slap the ogre but do no damage.
Unknown command.
You barely miss the ogre. You squeeze the ogre, but do no damage.
The ogre hits you with a +0 giant club!
* * * LOW HITPOINT WARNING * * *
😨 HP[-11]
You take 11 damage, and now have 19/46 hp.
MASSIVE DAMAGE!! (PAUSE)
You barely miss the ogre.
The ogre hits you with a +0 giant club!!
You die...

Skill      XL: |  1  2  3  4  5  6  7  8 |
---------------+-------------------------+-----
Stealth        | 3 4 5 6 7 8 |  8.0
Conjurations   | 2 3 |  3.0
Alchemy        | 4 5 6 |  6.9
Air Magic      | 1 2 3 4 |  4.5
Dodging        | |  2.0
Spellcasting   | |  2.2

Action                     |  1- 3 |  4- 6 |  7- 9 || total
---------------------------+-------+-------+-------++-------
  Melee: Unarmed           |    32 |    93 |    53 ||   178
         Constrict         |    13 |    22 |    12 ||    47
         Tentacles         |     7 |    25 |    17 ||    49
         Punch             |       |     3 |       ||     3
   Cast: Sting             |    39 |    28 |    12 ||    79
         Mercury Vapours   |       |     6 |       ||     6
         Olgreb's Toxic Ra |       |     2 |     7 ||     9
    Use: Scroll            |     6 |     6 |       ||    12
         Potion            |       |     2 |       ||     2
   Stab: Sleeping          |     1 |     7 |     1 ||     9
 Armour: Skin              |    23 |    49 |    34 ||   106
  Dodge: Dodged            |    21 |    50 |    34 ||   105

Levels and vault maps discovered:
D:1:      lemuel_arrival_river_ford, layout_loops_ring,
          nicolae_figureground_pulse
D:2:      layout_loops_ring, basic_altar, amethyst_killhole
D:3:      layout_basic, mainiacjoe_overflow_surrounded_room,
          nicolae_sif_muna_little_library
D:4:      layout_basic, serial_glass, glass_columns_b, glass_columns_a,
          grunt_ministairs_1
D:5:      minmay_thinvault, layout_cave_pods, old_standard_altar

Notes
Turn   | Place    | Note
-------+----------+-------------------------------------------
     0 | D:1      | ytrimaz the Octopode Alchemist began the quest for the Orb.
     0 | D:1      | Reached XP level 1. HP: 11/11 MP: 3/3
     3 | D:1      | magus.rc [v1.9.6]
   223 | D:1      | Reached skill level 3 in Stealth
   223 | D:1      | Reached XP level 2. HP: 17/17 MP: 3/5
   403 | D:1      | Learned a level 2 spell: Mercury Vapours
  1064 | D:2      | Reached XP level 3. HP: 18/21 MP: 2/6
  1438 | D:2      | Found a sparkling altar of Nemelex Xobeh.
  1523 | D:2      | You pick up a book of Displacement and begin reading...
  1523 | D:2      | You add the spells Lesser Beckoning, Gell's Gravitas and
                  | Teleport Other to your library.
  1552 | D:2      | Reached skill level 4 in Stealth
  1552 | D:2      | Reached skill level 2 in Conjurations
  1617 | D:2      | Reached XP level 4. HP: 27/27 MP: 3/7
  1668 | D:2      | Learned a level 4 spell: Olgreb's Toxic Radiance
  1952 | D:3      | Reached skill level 4 in Alchemy
  2083 | D:3      | Found a stormy altar of Qazlal.
  2221 | D:3      | Found a shimmering blue altar of Sif Muna.
  3103 | D:4      | Reached XP level 5. HP: 24/31 MP: 4/8
  3167 | D:4      | You pick up a book of the Hunter and begin reading...
  3167 | D:4      | You add the spells Sigil of Binding, Call Canine Familiar
                  | and Dimensional Bullseye to your library.
  3522 | D:4      | Reached skill level 5 in Stealth
  3522 | D:4      | Reached skill level 3 in Conjurations
  3523 | D:4      | Reached skill level 1 in Air Magic
  3734 | D:5      | Entered Level 5 of the Dungeon
  3739 | D:5      | Reached XP level 6. HP: 36/36 MP: 9/9
  3830 | D:5      | Reached skill level 5 in Alchemy
  3857 | D:5      | Found an ornate altar of the Wu Jian Council.
  3861 | D:5      | Noticed an ice beast
  3879 | D:5      | HP: 7/36 [ice beast (12)]
  3886 | D:5      | Killed an ice beast
  3887 | D:5      | Reached skill level 6 in Stealth
  3887 | D:5      | Reached skill level 2 in Air Magic
  3987 | D:5      | Reached XP level 7. HP: 41/41 MP: 10/10
  4095 | D:5      | You pick up a book of the Warp and begin reading...
  4095 | D:5      | You add the spells Manifold Assault, Dispersal and
                  | Disjunction to your library.
  4174 | D:5      | Reached skill level 7 in Stealth
  4174 | D:5      | Reached skill level 3 in Air Magic
  4175 | D:5      | Reached skill level 6 in Alchemy
  4272 | D:5      | Reached XP level 8. HP: 33/46 MP: 7/11
  4328 | D:5      | Reached skill level 4 in Air Magic
  4329 | D:5      | Reached skill level 8 in Stealth
  4813 | D:5      | You pick up a book of Decay and begin reading...
  4813 | D:5      | You add the spells Cigotuvi's Dreadful Rot, Dispel Undead,
                  | Martyr's Knell and Death Channel to your library.
  4883 | D:5      | Slain by an ogre

Vanquished Creatures
  2 ice beasts (D:5)
  A black bear (D:5)
  A scorpion (D:5)
  6 killer bees (D:5)
  A howler monkey (D:5)
  A bombardier beetle (D:5)
  2 orc priests (D:4)
  A jelly (D:5)
  6 hounds
  An iguana (D:5)
  8 adders
  A white imp (D:5)
  2 dart slugs
  3 ribbon worms
  5 orcs
  6 ball pythons
  10 endoplasms
  A giant cockroach (D:1)
  5 hobgoblins
  8 jackals
  5 quokkas
  4 bats
  A frilled lizard (D:1)
  4 goblins
  7 kobolds
  2 rats
94 creatures vanquished.

Table legend:
 A = Non-vault XP
 B = Vault XP
 C = Vault XP percentage of total XP
 D = Non-vault monster count
 E = Vault monster count
 F = Vault count percentage of total count
                 A         B        C        D         E       F
            +---------+---------+-------+---------+---------+-------
      Total |    1009 |     593 |  37.0 |      79 |      15 |  16.0
            +---------+---------+-------+---------+---------+-------
        D:1 |      31 |       0 |   0.0 |      17 |       0 |   0.0
        D:2 |      52 |       0 |   0.0 |      17 |       0 |   0.0
        D:3 |      42 |       0 |   0.0 |      14 |       0 |   0.0
        D:4 |     185 |       4 |   2.1 |      20 |       2 |   9.1
        D:5 |     699 |     589 |  45.7 |      11 |      13 |  54.2
            +---------+---------+-------+---------+---------+-------

Skill      XL: |  1  2  3  4  5  6  7  8 |
---------------+-------------------------+-----
Stealth        | 3 4 5 6 7 8 |  8.0
Conjurations   | 2 3 |  3.0
Alchemy        | 4 5 6 |  6.9
Air Magic      | 1 2 3 4 |  4.5
Dodging        | |  2.0
Spellcasting   | |  2.2

Action                     |  1- 3 |  4- 6 |  7- 9 || total
---------------------------+-------+-------+-------++-------
  Melee: Unarmed           |    32 |    93 |    53 ||   178
         Constrict         |    13 |    22 |    12 ||    47
         Tentacles         |     7 |    25 |    17 ||    49
         Punch             |       |     3 |       ||     3
   Cast: Sting             |    39 |    28 |    12 ||    79
         Mercury Vapours   |       |     6 |       ||     6
         Olgreb's Toxic Ra |       |     2 |     7 ||     9
    Use: Scroll            |     6 |     6 |       ||    12
         Potion            |       |     2 |       ||     2
   Stab: Sleeping          |     1 |     7 |     1 ||     9
 Armour: Skin              |    23 |    49 |    34 ||   106
  Dodge: Dodged            |    21 |    50 |    34 ||   105

Illustrated notes

Table legend:
 A = Kills in this place as a percentage of kills in the entire game.
 B = Kills by you in this place as a percentage of kills by you in the entire game.
 C = Kills by friends in this place as a percentage of kills by friends in the entire game.
 D = Other kills in this place as a percentage of other kills in the entire game.
 E = Experience gained in this place as a percentage of experience gained in the entire game.
 F = Experience gained in this place divided by the number of levels of this place that you have seen.
                   A       B       C       D       E      F
               +-------+-------+-------+-------+-------+----------------------
         Total | 100.0 | 100.0 |   N/A |   N/A | 100.0 | 320.4
       Dungeon | 100.0 | 100.0 |   N/A |   N/A | 100.0 | 320.4
               +-------+-------+-------+-------+-------+----------------------

Table legend: (Time is in decaauts)
 A = Elapsed time spent in this place.
 B = Non-inter-level travel time spent in this place.
 C = Inter-level travel time spent in this place.
 D = Time resting spent in this place.
 E = Time spent auto-exploring this place.
 F = Levels seen in this place.
 G = Mean time per level.
                   A        B        C        D        E       F      G
               +--------+--------+--------+--------+--------+-----+--------+
         Total |   4880 |   4840 |     40 |      0 |   4189 |   5 |  976.0 |
       Dungeon |   4880 |   4840 |     40 |      0 |   4189 |   5 |  976.0 |
               +--------+--------+--------+--------+--------+-----+--------+

Top non-repeatable levels by time:
     D:5: 1148 daAuts
     D:3: 1094 daAuts
     D:1: 980 daAuts
     D:4: 848 daAuts
     D:2: 808 daAuts
